 Dungeon Crawl Stone Soup version 0.31-a0-75-g6fe912e8c5 (webtiles) character file.

Game seed: 16957393115961416574

17756 greasedhog the Grappler (level 12, -4/122 HPs)
             Began as a Troll Fighter on May 23, 2023.
             Was a Priest of Wu Jian.
             Slain by Urug
             ... wielding a +6 halberd
              (24 damage)
             ... on level 1 of the Lair of Beasts.
             The game lasted 00:19:49 (9790 turns).

greasedhog the Grappler (Troll Fighter)             Turns: 9790, Time: 00:19:49

Health: -4/122     AC: 13    Str: 27    XL:     12   Next: 21%
Magic:  11/11      EV: 10    Int:  8    God:    Wu Jian [***...]
Gold:   829        SH: 10    Dex: 11    Spells: 11/11 levels left

rFire   . .          .
                       - Unarmed
rCold   . . .        b - +0 kite shield
rNeg    . . .        H - +0 troll leather armour
rPois   .            (helmet restricted)
rElec   .            p - +2 cloak
rCorr   +            (gloves unavailable)
SInv    .            (boots unavailable)
Will    .....        I - amulet of regeneration
Stlth   ++           v - +4 ring of protection
HPRegen 2.80/turn    B - ring of Xelogi {Fly rCorr Slay+2}
MPRegen 0.12/turn

%: no passive effects
@: flying
A: large, unfitting armour, claws 3, regeneration 1, shaggy fur 1, tough skin 1,
thin skeletal structure 1, sense surroundings 1
a: Renounce Religion, Wall Jump, Serpent's Lash


You were on level 1 of the Lair of Beasts.
You worshipped Wu Jian.
Wu Jian was most pleased with you.
You visited 3 branches of the dungeon, and saw 13 of its levels.
You also visited: Ossuary.

You collected 1074 gold pieces.
You spent 245 gold pieces at shops.

Inventory:

Armour
 b - a +0 kite shield (worn)
 p - a +2 cloak (worn)
 H - a +0 troll leather armour (worn)
Jewellery
 a - a ring of resist corrosion
 n - an amulet of magic regeneration
 v - a +4 ring of protection (left claw)
 B - the ring of Xelogi (right claw) {Fly rCorr Slay+2}
   (You bought it in a shop on level 6 of the Dungeon)

   [ring of resist corrosion]

   Slay:      It affects your accuracy & damage with ranged weapons and melee
   (+2).
   Fly:       It grants you flight.
   rCorr:     It protects you from acid and corrosion.
 D - a ring of positive energy
 I - an amulet of regeneration (around neck)
Wands
 j - a wand of mindburst (31)
 m - a wand of digging (14)
 w - a wand of flame (1)
 y - a wand of polymorph (13)
 G - a wand of quicksilver (8)
Scrolls
 e - 3 scrolls of teleportation
 f - a scroll of magic mapping
 g - a scroll of fear
 h - 3 scrolls of poison
 i - 3 scrolls of fog
 k - 3 scrolls of immolation
 l - a scroll of brand weapon
 x - 2 scrolls of enchant armour
 A - a scroll of silence
 F - 2 scrolls of torment
 J - a scroll of acquirement {unknown}
Potions
 c - 4 potions of might
 d - 5 potions of haste
 o - a potion of berserk rage
 q - 2 potions of invisibility
 r - a potion of curing {unknown}
 s - 3 potions of enlightenment
 t - 2 potions of attraction
 u - 2 potions of brilliance
 z - 3 potions of lignification
 C - 2 potions of heal wounds
 E - 2 potions of mutation
 K - 2 potions of magic {unknown}


   Skills:
 + Level 8.4 Fighting
 + Level 6.7 Dodging
 + Level 9.2 Shields
 * Level 13.4 Unarmed Combat


You had 11 spell levels left.
You didn't know any spells.
Your spell library contained the following spells:

 Spells                   Type           Power      Damage    Failure   Level
 Beastly Appendage        Tmut           0%         N/A       63%         1
 Wereblood                Tmut           0%         N/A       77%         2
 Spider Form              Tmut/Pois      0%         N/A       94%         3


Dungeon Overview and Level Annotations

Branches:
Dungeon (11/15)            Temple (1/1) D:7            Lair (1/5) D:10
Ossuary (visited)
    Orc: D:9-12

Altars:
Ashenzari
Cheibriados
Dithmenos
Elyvilon
Fedhas
Gozag
Hepliaklqana
Kikubaaqudgha
Makhleb
Nemelex Xobeh
Okawaru
Qazlal
Ru
Sif Muna
Trog
Uskayaw
Vehumet
Wu Jian
Xom
Yredelemnul
Zin
The Shining One

Shops:
D:6 ?((*(   D:9 *   D:11 [[*((

Annotations:
D:3 3 runed translucent doors, Liamsmithers's ghost, amateur DsFE
D:5 2 transporters
Lair:1 Urug


Innate Abilities, Weirdness & Mutations

You are too large for most types of armour.
You have claws for hands.
Your natural rate of healing is unusually fast.
You are covered in fur. (AC +1)
You have tough skin. (AC +1)
You have a somewhat thin skeletal structure. (Dex +2, Stealth+)
You passively map a small area around you.


Message History

You block the cane toad's attack.
You claw the cane toad!
The cane toad is moderately wounded.
You block Urug's attack.
You closely miss the cane toad.
The cane toad is moderately wounded.
The cane toad stings you!
You mangle the cane toad!!
The cane toad is almost dead.
You block the cane toad's attack. Urug barely misses you.
You mangle the cane toad!!
You kill the cane toad!
The Council accepts your kill. Urug hits you with a +6 halberd!
You scratch Urug.
Urug is severely wounded.
Urug hits you with a +6 halberd!
You scratch Urug but do no damage.
Urug is heavily wounded.
You block Urug's attack.
You scratch Urug but do no damage.
Urug is heavily wounded.
Urug hits you with a +6 halberd!!
You claw Urug!
Urug is severely wounded.
Urug hits you with a +6 halberd!
* * * LOW HITPOINT WARNING * * *
You scratch Urug but do no damage.
Urug is severely wounded.
You barely miss Urug.
Urug is severely wounded.
Urug hits you with a +6 halberd!!
* * * LOW HITPOINT WARNING * * *
You closely miss Urug.
Urug is severely wounded.
You block Urug's attack.
You closely miss Urug.
Urug is severely wounded.
Urug hits you with a +6 halberd!!
You die...

, ,,, , , ,,
#.., * , ##.: ,
* #... , , ##
###..# ,*
,...#.#..# *
........# ,
#.P...o# *#
###@##### ,
#.##.....#.###
, *
#...........##
##...........##
,
##...........#
, ,,
#...........#
,,
####........# ,
#P........ , **
########
##.......#


You could see Urug.

Vanquished Creatures
  A centaur warrior (D:9)
  A death yak (Lair:1)
  2 boulder beetles
  4 skeletal warriors
  3 cyclopes (D:11)
  An ugly thing (D:9)
  Maurice (D:9)
  A torpor snail (Lair:1)
  A rime drake (Lair:1)
  3 cane toads (Lair:1)
  An unseen horror (D:11)
  An efreet (D:10)
  4 trolls
  A wind drake (shapeshifter) (D:9)
  2 shadows
  A wraith (D:10)
  19 yaks
  Eustachio (D:6)
  A human (D:7)
  5 vampire mosquitoes
  2 steam dragons
  2 acid dragons (D:11)
  Duvessa (D:5)
  5 orc warriors
  A sky beast (D:8)
  An ogre (D:5)
  2 wolves (D:10)
  6 centaurs
  2 phantoms
  4 kobold brigands
  2 bullfrogs
  2 scorpions (D:6)
  A gnoll sergeant (D:5)
  4 wights (D:7)
  Dowan (D:5)
  2 killer bees (D:9)
  4 electric eels
  8 hounds
  5 orc priests
  Crazy Yiuf (D:5)
  4 jellies
  An iguana (D:6)
  A human skeleton (D:7)
  3 sleepcaps
  Ijyb (D:4)
  8 orc wizards
  8 mummies (Ossuary)
  8 gnolls
  5 adders
  A shadow imp (D:7)
  A white imp (D:7)
  2 worms
  2 dart slugs
  34 orcs
  3 bats
  6 endoplasms
  2 giant cockroaches
  11 goblins
  10 hobgoblins
  8 jackals
  23 kobolds
  3 quokkas
  9 ball pythons
  A frilled lizard (D:1)
  3 gnoll zombies (Ossuary)
  3 hobgoblin zombies (Ossuary)
  A kobold zombie (Ossuary)
  An orc zombie (Ossuary)
  6 rats
279 creatures vanquished.

Vanquished Creatures (others)
  An orc wizard (D:10)
1 creature vanquished.

Grand Total: 280 creatures vanquished

Notes
Turn   | Place    | Note
-------+----------+-------------------------------------------
     0 | D:1      | greasedhog the Troll Fighter began the quest for the Orb.
     0 | D:1      | Reached XP level 1. HP: 22/22 MP: 0/0
    88 | D:1      | Reached XP level 2. HP: 29/29 MP: 1/1
   645 | D:1      | Reached XP level 3. HP: 32/36 MP: 2/2
   891 | D:2      | Reached skill level 3 in Unarmed Combat
  1800 | D:3      | Found a runed translucent gate.
  1802 | D:3      | Found a runed translucent gate.
  1804 | D:3      | Found a runed translucent gate.
  1870 | D:3      | Reached XP level 4. HP: 44/44 MP: 3/3
  2042 | D:3      | Noticed Liamsmithers's ghost (amateur DsFE)
  2304 | D:4      | Found a shimmering altar of Xom.
  2498 | D:4      | Found a sand-covered staircase.
  2504 | Ossuary  | Entered an ossuary
  2544 | Ossuary  | Reached XP level 5. HP: 38/53 MP: 4/4
  2548 | Ossuary  | Reached skill level 4 in Unarmed Combat
  2983 | D:4      | Noticed Ijyb
  3000 | D:4      | Killed Ijyb
  3001 | D:4      | Reached XP level 6. HP: 60/61 MP: 5/5
  3161 | D:4      | Reached skill level 5 in Unarmed Combat
  3330 | D:5      | Entered Level 5 of the Dungeon
  3622 | D:4      | Reached XP level 7. HP: 54/68 MP: 6/6
  3688 | D:5      | Found a sacrificial altar of Ru.
  3751 | D:5      | Reached skill level 6 in Unarmed Combat
  3801 | D:5      | Found a bloodstained altar of Trog.
  3801 | D:5      | Noticed Duvessa
  3801 | D:5      | Noticed Dowan
  3807 | D:5      | Killed Duvessa
  3818 | D:5      | Killed Dowan
  3865 | D:5      | Found a hide-covered altar of Uskayaw.
  3868 | D:5      | Reached skill level 5 in Shields
  3871 | D:5      | Found a blossoming altar of Fedhas.
  3906 | D:5      | Found a transporter.
  3931 | D:5      | Identified the +1 robe of Wariness {rC- Dex+7}
  4114 | D:5      | Found a transporter.
  4125 | D:5      | Found a shadowy altar of Dithmenos.
  4245 | D:5      | Found a runed translucent door.
  4246 | D:5      | Noticed Crazy Yiuf
  4275 | D:5      | Killed Crazy Yiuf
  4276 | D:5      | Reached XP level 8. HP: 34/79 MP: 0/7
  4612 | D:6      | Found Picoshru's Antique Weapon Shoppe.
  4613 | D:6      | Found a glowing golden altar of the Shining One.
  4613 | D:6      | Identified the +1 war axe of Pyromania {protect, Drain
                  | rElec rPois}
  4621 | D:6      | Noticed Eustachio
  4622 | D:6      | Found Boebys's Weapon Emporium.
  4642 | D:6      | Killed Eustachio
  4643 | D:6      | Reached skill level 7 in Unarmed Combat
  4704 | D:6      | Found the +1 Delatra's gloves {ID++}
  4747 | D:6      | Found Uppir's Magic Scroll Boutique.
  4752 | D:6      | Bought a scroll of noise for 12 gold pieces
  4752 | D:6      | Bought a scroll of identify for 24 gold pieces
  4752 | D:6      | Bought a scroll of identify for 24 gold pieces
  4795 | D:6      | Found Buthremul's Weapon Boutique.
  4820 | D:6      | Reached skill level 5 in Fighting
  4877 | D:6      | Found a radiant altar of Vehumet.
  4882 | D:6      | Found Rokhloweo's Assorted Antiques.
  4895 | D:6      | Bought an ancient bone ring for 125 gold pieces
  4895 | D:6      | Identified the ring of Xelogi {Fly rCorr Slay+2} (You
                  | bought it in a shop on level 6 of the Dungeon)
  5249 | D:7      | Found a runed translucent door.
  5267 | D:7      | Reached skill level 8 in Unarmed Combat
  5290 | D:7      | Found a basalt altar of Yredelemnul.
  5356 | D:7      | Found a burning altar of Makhleb.
  5406 | D:7      | Reached XP level 9. HP: 76/88 MP: 8/8
  5706 | D:7      | Found a staircase to the Ecumenical Temple.
  5722 | D:7      | Reached skill level 9 in Unarmed Combat
  5758 | Temple   | Entered the Ecumenical Temple
  5968 | Temple   | Became a worshipper of the Wu Jian Council
  6220 | D:8      | Found an opulent altar of Gozag.
  7218 | D:9      | Identified the +0 long sword of the Unliving {flame, Str+3}
  7228 | D:9      | Noticed Maurice
  7250 | D:9      | Killed Maurice
  7551 | D:9      | Noticed a troll
  7564 | D:9      | Killed a troll
  7582 | D:9      | Found a glowing silver altar of Zin.
  7645 | D:9      | Reached skill level 10 in Unarmed Combat
  7645 | D:9      | Noticed a centaur warrior
  7664 | D:9      | Killed a centaur warrior
  7665 | D:9      | Reached XP level 10. HP: 84/100 MP: 9/9
  7705 | D:9      | Noticed a white ugly thing
  7711 | D:9      | Killed a white ugly thing
  7834 | D:9      | Found Xeinef's Assorted Antiques.
  7984 | D:10     | Entered Level 10 of the Dungeon
  8044 | D:10     | Reached * piety under Wu Jian
  8085 | D:10     | Reached skill level 11 in Unarmed Combat
  8161 | D:10     | Reached skill level 5 in Dodging
  8250 | D:10     | Found a staircase to the Lair.
  8512 | D:10     | Reached XP level 11. HP: 100/109 MP: 10/10
  8698 | D:11     | Noticed a boulder beetle
  8718 | D:10     | Killed a boulder beetle
  8750 | D:11     | Reached ** piety under Wu Jian
  8773 | D:11     | Reached skill level 12 in Unarmed Combat
  8823 | D:11     | Found Akhlall's Armour Emporium.
  8910 | D:11     | Noticed a skeletal warrior
  8911 | D:11     | Noticed a skeletal warrior
  8931 | D:10     | Killed a skeletal warrior
  8972 | D:11     | Killed a skeletal warrior
  8973 | D:11     | Gained mutation: You have a somewhat thin skeletal
                  | structure. (Dex +2, Stealth+) [potion of mutation]
  8973 | D:11     | Gained mutation: You passively map a small area around you.
                  | [potion of mutation]
  9013 | D:11     | Noticed a skeletal warrior
  9013 | D:11     | Noticed a skeletal warrior
  9035 | D:11     | Killed a skeletal warrior
  9067 | D:11     | Killed a skeletal warrior
  9151 | D:11     | Found Honk's Antique Armour Shop.
  9157 | D:11     | Found Qaeluliv's Assorted Antiques.
  9208 | D:11     | Noticed a boulder beetle
  9211 | D:11     | Found Odar Run's Antique Weapon Shop.
  9211 | D:11     | Found Fefip's Antique Weapon Boutique.
  9248 | D:11     | Killed a boulder beetle
  9364 | D:11     | Identified the +0 ring mail of Deikar {rElec rC+ rN+}
  9382 | D:11     | Reached skill level 13 in Unarmed Combat
  9436 | D:11     | Bought a scroll of identify for 60 gold pieces
  9634 | Lair:1   | Entered Level 1 of the Lair of Beasts
  9651 | Lair:1   | Reached XP level 12. HP: 120/120 MP: 11/11
  9655 | Lair:1   | Reached *** piety under Wu Jian
  9686 | Lair:1   | Noticed a death yak
  9708 | Lair:1   | Killed a death yak
  9766 | Lair:1   | Noticed Urug
  9790 | Lair:1   | Slain by Urug

Illustrated notes

Levels and vault maps discovered:
D:1:      wander_arrival_desolate, layout_basic, chequers_hall_statues_wall_a,
          roderic_lattice_a
D:2:      layout_basic, kennysheep_generic_room_10
D:3:      layout_loops_ring, gammafunk_ghost_necromancy,
          minmay_misc_feat_rugged, chequers_serial_rivers_marsh
D:4:      kennysheep_the_goblin_king, layout_loops_ring, kennysheep_little_box,
          nicolae_ossuary_entry_plus
D:5:      gammafunk_cloud_chamber, layout_cave_pods, nicolae_ru_path_of_blood,
          mainiacjoe_overflow_alcove_4, amcnicky_altar_gilded,
          mainiacjoe_overflow_surrounded_room, lemuel_doored_altar,
          uniq_crazy_yiuf_cottage, uniq_duvessa
D:6:      layout_basic, mainiacjoe_overflow_large_starburst, serial_shops,
          nicolae_shop_tiny_real_fake_doors, shop, shop,
          nicolae_shop_tiny_waterfront, nicolae_shop_overgrown_old_shop,
          uniq_eustachio
D:7:      layout_loops_ring, bloody_makhleb, dk_yredelemnul_ordeal,
          minmay_temple_entry_waves
D:8:      layout_basic, grunt_gozag_statues
D:9:      minmay_chambers_of_sixes, layout_irregular_city,
          mainiacjoe_overflow_small_starburst, serial_shops, shop, uniq_maurice
D:10:     layout_cave_pools, erik_lair_island
D:11:     layout_cave_pools, serial_shops, shop,
          nicolae_shop_national_dungeon_mall, minmay_fractal_squares_5
Temple:   chequers_temple_sunken
Lair:1:   layout_cave_pods, uniq_urug

Skill      XL: |  1  2  3  4  5  6  7  8  9 10 11 |
---------------+----------------------------------+-----
Shields        | 3 4 5 6 7 9 |  9.2
Unarmed Combat | 3 4 5 6 8 10 11 13 | 13.4
Fighting       | 3 4 5 6 7 8 |  8.4
Dodging        | 4 5 6 |  6.7

Action                     |  1- 3 |  4- 6 |  7- 9 | 10-12 || total
---------------------------+-------+-------+-------+-------++-------
  Melee: Unarmed           |   106 |   180 |   296 |   416 ||   998
Ability: Lunge             |       |       |     1 |    17 ||    18
         Whirlwind         |       |       |       |    13 ||    13
  Evoke: Wand              |       |       |       |     8 ||     8
    Use: Scroll            |     1 |     8 |     5 |     5 ||    19
         Potion            |       |       |       |     2 ||     2
   Stab: Sleeping          |     2 |       |       |     1 ||     3
 Armour: Robe              |    22 |    43 |    62 |       ||   127
         Steam dragon scal |       |       |    41 |    43 ||    84
         Skin              |       |       |     9 |       ||     9
         Troll leather arm |       |       |       |   113 ||   113
  Dodge: Dodged            |    27 |    55 |    94 |   124 ||   300
  Block: Kite shield       |    23 |    61 |    98 |   208 ||   390

Table legend: (Time is in decaauts)
 A = Elapsed time spent in this place.
 B = Non-inter-level travel time spent in this place.
 C = Inter-level travel time spent in this place.
 D = Time resting spent in this place.
 E = Time spent auto-exploring this place.
 F = Levels seen in this place.
 G = Mean time per level.
                   A        B        C        D        E       F      G
               +--------+--------+--------+--------+--------+-----+--------+
         Total |   9752 |   9330 |    422 |    465 |   6425 |  14 |  696.6 |
       Dungeon |   9102 |   8723 |    379 |    460 |   6061 |  11 |  827.5 |
        Temple |    228 |    186 |     42 |      0 |    179 |   1 |  228.0 |
          Lair |    154 |    154 |      0 |      0 |     66 |   1 |  154.0 |
       Ossuary |    266 |    266 |      0 |      5 |    119 |   1 |  266.0 |
               +--------+--------+--------+--------+--------+-----+--------+

Top non-repeatable levels by time:
     D:5: 1166 daAuts
     D:8: 936 daAuts
     D:4: 871 daAuts
     D:9: 827 daAuts
    D:11: 819 daAuts
     D:2: 794 daAuts
    D:10: 787 daAuts
     D:1: 767 daAuts
     D:7: 718 daAuts
     D:3: 710 daAuts
     D:6: 705 daAuts
 Ossuary: 266 daAuts
  Temple: 228 daAuts
  Lair:1: 154 daAuts
